 Dungeon Crawl Stone Soup version 0.28.0-47-ge53b351184 (webtiles) character file.

Game seed: 7842828940881830648

102 seaoflcl the Covered (level 5, -8/41 HPs)
             Began as a Human Fighter on May 2, 2022.
             Killed from afar by a white imp (13 damage)
             ... with a puff of frost
             ... on level 3 of the Dungeon.
             The game lasted 00:02:04 (2237 turns).

seaoflcl the Covered (Human Fighter)                Turns: 2237, Time: 00:02:04

Health: -8/41      AC:  6    Str: 18    XL:     5   Next: 5%
Magic:  5/5        EV:  6    Int:  9    God:
Gold:   87         SH: 12    Dex: 12    Spells: 4/4 levels left

rFire   . . .      SeeInvis .   a - +0 long sword
rCold   . . .      Faith    .   h - +0 tower shield
rNeg    . . .      Spirit   .   b - +0 scale mail
rPois   .          Reflect  .   (no helmet)
rElec   .          Harm     .   (no cloak)
rCorr   .          Rampage  .   (no gloves)
Will    .....                   (no boots)
Stlth   ..........              (no amulet)
HPRegen 0.13/turn               (no ring)
MPRegen 0.09/turn               (no ring)

@: no status effects
A: no striking features
a: no special abilities


You were on level 3 of the Dungeon.
You visited 1 branch of the dungeon, and saw 3 of its levels.

You collected 87 gold pieces.

Inventory:

Hand Weapons
 a - a +0 long sword (weapon)
 m - a +0 short sword
Armour
 b - a +0 scale mail (worn)
 h - a +0 tower shield (worn)
Jewellery
 f - a ring of magical power
 p - a ring of fire
Scrolls
 c - a scroll of magic mapping {unknown}
 e - a scroll of immolation {unknown}
 g - 2 scrolls of identify {unknown}
 i - a scroll of vulnerability {unknown}
 j - a scroll of amnesia {unknown}
 k - a scroll of fear {unknown}
 n - 2 scrolls of teleportation {unknown}
 q - a scroll of enchant armour {unknown}
Potions
 d - a potion of might
 l - a potion of lignification {unknown}
 o - a potion of berserk rage {unknown}


   Skills:
 + Level 3.4 Fighting
 * Level 3.2 Long Blades
 + Level 3.5 Armour
 + Level 1.4 Dodging
 + Level 3.4 Shields


You had 4 spell levels left.
You didn't know any spells.
Your spell library contained the following spells:

 Spells                   Type           Power      Damage    Failure   Level
 Magic Dart               Conj           0%         1d3       100%        1
 Searing Ray              Conj           0%         2d4       100%        2
 Summon Guardian Golem    Hex/Summ       0%         N/A       100%        3
 Fulminant Prism          Conj/Hex       0%         3d6       100%        4
 Orb of Destruction       Conj           0%         9d5       100%        7
 Spellforged Servitor     Conj/Summ      0%         N/A       100%        7


Dungeon Overview and Level Annotations

Branches:
Dungeon (3/15)

Altars:
Xom


Message History

The puff of frost hits you. The white imp hits you. The white imp freezes you.
You closely miss the white imp.
The white imp is almost dead.
The white imp gestures at you. The puff of frost hits you.
You are too injured to fight recklessly!
You are too injured to fight recklessly!
You are too injured to fight recklessly!
You are too injured to fight recklessly!
You are too injured to fight recklessly!
You are too injured to fight recklessly!
You are too injured to fight recklessly!
You are too injured to fight recklessly!
You are too injured to fight recklessly!
You are too injured to fight recklessly!
You are too injured to fight recklessly!
You are too injured to fight recklessly!
You are too injured to fight recklessly!
You are too injured to fight recklessly!
You are too injured to fight recklessly!
You are too injured to fight recklessly!
You hit the white imp but do no damage.
The white imp is almost dead.
You block the white imp's attack. The white imp gestures at you.
The puff of frost hits you.
You closely miss the white imp.
The white imp is almost dead.
You block the white imp's attack. The white imp gestures at you.
The puff of frost hits you!
* * * LOW HITPOINT WARNING * * *
You barely miss the white imp.
The white imp is almost dead.
The white imp hits you but does no damage.
You closely miss the white imp.
The white imp is almost dead.
The white imp gestures at you. The puff of frost hits you!
You die...

#.....###.#
###.......#
##.###### #.#
#######.#
#.......#
#.#####.# ##.##
#.@.#
#....5.......
....##...######
#.. ...## ##
###.# #.# #+#


You could see a white imp.

Vanquished Creatures
  A gnoll (D:1)
  3 adders (D:2)
  A white imp (D:3)
  A worm (D:2)
  3 dart slugs (D:1)
  2 endoplasms
  3 giant cockroaches
  A goblin (D:1)
  6 hobgoblins
  7 kobolds
  2 quokkas
  4 ball pythons
  7 bats
  4 frilled lizards
  6 rats
51 creatures vanquished.

Notes
Turn   | Place    | Note
-------+----------+-------------------------------------------
     0 | D:1      | seaoflcl the Human Fighter began the quest for the Orb.
     0 | D:1      | Reached XP level 1. HP: 18/18 MP: 1/1
    73 | D:1      | Reached XP level 2. HP: 19/24 MP: 2/2
   321 | D:1      | Reached XP level 3. HP: 29/29 MP: 3/3
   792 | D:1      | Reached skill level 1 in Dodging
   976 | D:2      | You fall into a shaft and drop 1 floor!
  1049 | D:2      | Reached XP level 4. HP: 23/35 MP: 4/4
  1229 | D:2      | Found a shimmering altar of Xom.
  1315 | D:2      | Found a faded altar of an unknown god.
  1944 | D:3      | Reached XP level 5. HP: 37/41 MP: 5/5
  2237 | D:3      | Killed from afar by a white imp

Illustrated notes

Levels and vault maps discovered:
D:1:      heliophobic_arrival_enchanted_forest, layout_basic, minmay_tromino_v2
D:2:      layout_basic, shapermc_ecumenical_altar_totnotflames, basic_altar,
          grunt_ministairs_11, roderic_roman_lattice, kennysheep_generic_room_9
D:3:      layout_loops_corners

Skill      XL: |  1  2  3  4 |
---------------+-------------+-----
Dodging        | 1 |  1.4
Long Blades    | 3 |  3.2
Fighting       | |  3.4
Armour         | |  3.5
Shields        | |  3.4

Action                   |  1- 3 |  4- 6 || total
-------------------------+-------+-------++-------
Melee: Long sword        |    82 |    68 ||   150
Armor: Scale mail        |    47 |    31 ||    78
Dodge: Dodged            |    20 |    15 ||    35
Block: Buckler           |     9 |       ||     9
       Tower shield      |    35 |    59 ||    94
